 Dungeon Crawl Stone Soup version 0.31-a0-841-g038b102fc3 (webtiles) character file.

Game seed: 16641540092996674542

45 randomguy2701 the Poker (level 3, 0/25 HPs)
             Began as a Gnoll Wanderer on Sept 27, 2023.
             Slain by Natasha (4 damage)
             ... on level 2 of the Dungeon.
             The game lasted 00:01:25 (1402 turns).

randomguy2701 the Poker (Gnoll Wanderer)            Turns: 1402, Time: 00:01:25

Health: 0/25       AC:  4    Str: 11    XL:     3   Next: 64%
Magic:  4/4        EV: 13    Int: 10    God:
Gold:   31         SH:  0    Dex: 14    Spells: 3/3 levels left

rFire   . . .        a - +0 dagger
rCold   + . .        (no shield)
rNeg    . . .        g - +0 leather armour
rPois   .            (no helmet)
rElec   .            (no cloak)
rCorr   .            (no gloves)
SInv    .            e - +0 pair of boots
Will    .....        (no amulet)
Stlth   +++          k - ring of protection from cold
HPRegen 0.24/turn    (no ring)
MPRegen 0.09/turn

%: no passive effects
@: no status effects
A: fangs 1, strong nose, distributed training
a: no special abilities


You were on level 2 of the Dungeon.
You visited 1 branch of the dungeon, and saw 2 of its levels.

You collected 31 gold pieces.

Inventory:

Hand Weapons
 a - a +0 dagger (weapon)
 d - a +0 spear
Missiles
 b - an atropa-tipped dart (quivered)
 c - a datura-tipped dart
Armour
 e - a +0 pair of boots (worn)
 g - a +0 leather armour (worn)
Jewellery
 k - a ring of protection from cold (left hand)
Scrolls
 f - a scroll of fog
 j - a scroll of torment {unknown}
 l - 4 scrolls of identify {unknown}
 m - 2 scrolls of revelation {unknown}
Potions
 h - a potion of brilliance {unknown}
 i - a potion of cancellation {unknown}
 n - a potion of heal wounds {unknown}


   Skills:
 + Level 0.9 Fighting
 + Level 0.9 Short Blades
 + Level 0.9 Long Blades
 + Level 0.9 Axes
 + Level 0.9 Maces & Flails
 + Level 6.5 Polearms
 + Level 0.9 Staves
 + Level 0.9 Ranged Weapons
 + Level 2.6 Throwing
 + Level 0.9 Armour
 + Level 4.5 Dodging
 + Level 6.0 Stealth
 + Level 0.9 Shields
 + Level 0.9 Unarmed Combat
 + Level 0.9 Spellcasting
 + Level 0.6 Conjurations
 + Level 0.6 Hexes
 + Level 0.6 Summonings
 + Level 0.6 Necromancy
 + Level 0.6 Translocations
 + Level 0.6 Transmutations
 + Level 0.6 Fire Magic
 + Level 0.6 Ice Magic
 + Level 0.6 Air Magic
 + Level 0.6 Earth Magic
 + Level 0.6 Poison Magic
 + Level 1.0 Invocations
 + Level 2.6 Evocations
 + Level 0.7 Shapeshifting


You had 3 spell levels left.
You didn't know any spells.
Your spell library contained the following spells:

 Spells                   Type           Power      Damage    Failure   Level
 Lesser Beckoning         Tloc           2%         N/A       47%         2
 Gell's Gravitas          Tloc           1%         N/A       71%         3
 Teleport Other           Tloc           1%         N/A       71%         3


Dungeon Overview and Level Annotations

Branches:
Dungeon (2/15)

Altars:

Shops:
D:1 !

Annotations:
D:2 Natasha


Innate Abilities, Weirdness & Mutations

You have very sharp teeth.
Your uncanny sense of smell can sniff out nearby items.
Your experience applies equally to all skills.


Message History

The quokka bites you but does no damage.
Natasha mumbles some strange words.
The quokka bites you but does no damage.
The cerulean imp hits you but does no damage.
You hit Natasha.
Natasha is lightly wounded.
The quokka bites you but does no damage.
Natasha barely misses you.
You hit Natasha. You bite Natasha.
Natasha is moderately wounded.
The cerulean imp hits you but does no damage.
The cerulean imp closely misses you.
The quokka bites you but does no damage.
Natasha claws you.
You hit Natasha.
Natasha is heavily wounded.
The cerulean imp hits you from afar with a +2 spear.
The cerulean imp hits you from afar with a +0 spear.
The quokka bites you. Natasha closely misses you.
You hit Natasha.
Natasha is almost dead.
The cerulean imp misses you.
The cerulean imp hits you from afar with a +0 spear.
The quokka closely misses you.
You hit Natasha but do no damage.
Natasha is almost dead.
Natasha claws you. The quokka misses you.
The cerulean imp hits you but does no damage. x2
Unknown command.
You are too injured to fight recklessly!
You hit Natasha. Your bite misses Natasha.
Natasha is almost dead.
The quokka closely misses you. Natasha claws you.
* * * LOW HITPOINT WARNING * * *
The cerulean imp closely misses you. x2; The quokka closely misses you.
You hit Natasha.
Natasha is almost dead.
Natasha claws you.
You die...
Natasha begins licking her fur clean.

###.......# #.........#
#....###'## #....# #.#
#....###.##########
'....#............#
#....#.#..........###.#
#....#.#########......#
#....#.# +@.....#
#....#.# #hr5..##
#....#.# #..5..#
#....#.# #.....#
######.# #.....#
######.# #.....#
.....#.# #######
####.#.# .......#


You could see Natasha, 2 cerulean imps and a quokka.

Vanquished Creatures
  A worm (D:2)
  A dart slug (D:1)
  8 bats
  2 giant cockroaches (D:1)
  A hobgoblin (D:1)
  9 jackals
  2 kobolds (D:1)
  A quokka (D:1)
  3 ball pythons (D:1)
  4 goblins (D:1)
  6 rats
38 creatures vanquished.

Notes
Turn   | Place    | Note
-------+----------+-------------------------------------------
     0 | D:1      | randomguy2701 the Gnoll Wanderer began the quest for the
                  | Orb.
     0 | D:1      | randomguy2701 set off with the following items: a +0
                  | dagger, an atropa-tipped dart, a datura-tipped dart, a +0
                  | spear, a +0 pair of boots, a scroll of fog, a +0 leather
                  | armour.
     0 | D:1      | Reached XP level 1. HP: 13/13 MP: 1/1
   209 | D:1      | Reached XP level 2. HP: 14/19 MP: 2/2
   437 | D:1      | Reached XP level 3. HP: 16/25 MP: 3/3
   511 | D:1      | Found Ninor's Distillery.
   640 | D:1      | Reached skill level 1 in Invocations
  1389 | D:2      | Noticed Natasha
  1402 | D:2      | Slain by Natasha

Illustrated notes

Levels and vault maps discovered:
D:1:      minmay_arrival_three_doors, layout_loops_ring, serial_shops,
          nicolae_shop_industrial_runoff
D:2:      layout_basic, serial_shops, shop, uniq_natasha

Skill      XL: |  1  2  3 |
---------------+----------+-----
Stealth        | 6 |  6.0
Invocations    | 1 |  1.0
Fighting       | |  0.9
Short Blades   | |  0.9
Long Blades    | |  0.9
Axes           | |  0.9
Maces & Flails | |  0.9
Polearms       | |  6.5
Staves         | |  0.9
Ranged Weapons | |  0.9
Throwing       | |  2.6
Armour         | |  0.9
Dodging        | |  4.5
Shields        | |  0.9
Unarmed Combat | |  0.9
Spellcasting   | |  0.9
Conjurations   | |  0.6
Hexes          | |  0.6
Summonings     | |  0.6
Necromancy     | |  0.6
Translocations | |  0.6
Transmutations | |  0.6
Fire Magic     | |  0.6
Ice Magic      | |  0.6
Air Magic      | |  0.6
Earth Magic    | |  0.6
Poison Magic   | |  0.6
Evocations     | |  2.6
Shapeshifting  | |  0.7

Action                     || total
---------------------------++-------
  Melee: Dagger            ||   192
         Bite              ||    14
         Punch             ||     2
   Stab: Sleeping          ||     9
 Armour: Leather armour    ||   138
  Dodge: Dodged            ||   159

Table legend: (Time is in decaauts)
 A = Elapsed time spent in this place.
 B = Non-inter-level travel time spent in this place.
 C = Inter-level travel time spent in this place.
 D = Time resting spent in this place.
 E = Time spent auto-exploring this place.
 F = Levels seen in this place.
 G = Mean time per level.
                   A        B        C        D        E       F      G
               +--------+--------+--------+--------+--------+-----+--------+
         Total |   1396 |   1380 |     16 |      0 |   1054 |   2 |  698.0 |
       Dungeon |   1396 |   1380 |     16 |      0 |   1054 |   2 |  698.0 |
               +--------+--------+--------+--------+--------+-----+--------+

Top non-repeatable levels by time:
     D:1: 791 daAuts
     D:2: 605 daAuts
